 Dungeon Crawl Stone Soup version 0.25.0-11-g1f837a76a1 (webtiles) character file.

Game seed: 14268444654737735509

5418 sanka the Nimble (level 10, 0/65 HPs)
             Began as a Tengu Assassin on June 25, 2020.
             Was an Elder of Vehumet.
             Killed by their own static electricity (1 damage)
             ... on level 9 of the Dungeon on June 26, 2020.
             The game lasted 00:28:46 (10296 turns).

sanka the Nimble (Tengu Assassin)                  Turns: 10296, Time: 00:28:47

Health: 0/65       AC:  8    Str: 13    XL:     10   Next: 67%
Magic:  8/15       EV: 25    Int: 13    God:    Vehumet [****..]
Gold:   263        SH:  0    Dex: 16    Spells: 8/15 levels left

rFire    . . .     SeeInvis .   a - +2 dagger (venom)
rCold    . . .     Gourm    .   (no shield)
rNeg     . . .     Faith    +   l - +0 robe
rPois    .         Spirit   .   (helmet restricted)
rElec    .         Reflect  .   N - +2 cloak
rCorr    .         Harm     .   h - +2 pair of gloves
MR       .....                  (boots unavailable)
Stlth    +++.......             A - amulet of faith
HPRegen  0.20/turn              (no ring)
MPRegen  0.14/turn              (no ring)

@: flying quickly and evasively, quick
A: beak, talons 3, able to fly
a: Stop Flying, Renounce Religion


You were on level 9 of the Dungeon.
You worshipped Vehumet.
Vehumet was greatly pleased with you.
You were hungry.

You visited 1 branch of the dungeon, and saw 10 of its levels.
You also visited: Ossuary.

You collected 465 gold pieces.
You spent 202 gold pieces at shops.


Innate Abilities, Weirdness & Mutations

You have a beak for a mouth.
You have claws for feet.
You can fly continuously.


   Skills:
 + Level 8.4 Fighting
 - Level 3.0 Short Blades
 - Level 2.0 Throwing
 + Level 11.6 Dodging
 - Level 4.0 Stealth
 - Level 3.0 Spellcasting
 - Level 6.0 Conjurations
 - Level 6.0 Air Magic


You had 8 spell levels left.
You knew the following spells:

 Your Spells              Type           Power        Failure   Level  Hunger
c - Mephitic Cloud        Conj/Pois/Air  ##......     3%          3    ###....
z - Shock                 Conj/Air       ###.         1%          1    #......
Z - Static Discharge      Conj/Air       ###.....     1%          3    ###....

Your spell library contained the following spells:

 Spells                   Type           Power        Failure   Level  Hunger
 Iskenderun's Mystic Bla  Conj/Tloc      #.......     17%         4    #####..
 Magic Dart               Conj           ###.         1%          1    #......
 Conjure Flame            Conj/Fire      #.......     5%          3    ###....
 Blink                    Tloc           N/A          34%         2    ###....
 Call Imp                 Summ           #.......     34%         2    ###....
 Slow                     Hex            #.......     34%         2    ###....

Inventory:

Hand Weapons
 a - a +2 dagger of venom (weapon)
 b - a +0 war axe of electrocution
 u - a +0 dagger of speed
Missiles
 d - 24 poisoned darts (quivered)
 e - 2 curare-tipped darts {=f}
 g - 5 javelins
 i - a throwing net {=f}
 j - 105 sling bullets
 t - 414 stones
Armour
 h - a +2 pair of gloves (worn)
 l - a +0 robe (worn)
 N - a +2 cloak (worn)
Jewellery
 p - an uncursed amulet of regeneration
 A - an amulet of faith (around neck)
 C - a cursed amulet of inaccuracy {unknown}
 D - an uncursed amulet of guardian spirit {unknown}
 M - an uncursed ring of ice
Wands
 c - a wand of disintegration (10)
 B - a wand of random effects (3)
 O - a wand of iceblast (10)
Scrolls
 k - 6 scrolls of teleportation {@r4}
 n - 4 scrolls of remove curse
 q - 2 scrolls of fear
 r - a scroll of blinking
 v - 2 scrolls of enchant armour
 x - 2 scrolls of holy word
 y - 4 scrolls of fog
 E - 2 scrolls of immolation {!r}
 K - a scroll of identify {@r1}
 L - a scroll of amnesia
 P - a scroll of silence {unknown}
 Q - a scroll of random uselessness {unknown}
Potions
 m - a potion of berserk rage {!q}
 o - 2 potions of magic
 s - 4 potions of brilliance
 w - a potion of experience {unknown}
 z - a potion of lignification {!q}
 F - 4 potions of mutation {!q}
 G - 2 potions of curing {unknown}
 H - 2 potions of resistance {unknown}
 I - a potion of might {unknown}
 J - a potion of flight {unknown}
Miscellaneous
 R - a tin of tremorstones (3/3)
Comestibles
 f - 27 rations
 S - 3 chunks of flesh

Dungeon Overview and Level Annotations

Branches:
Dungeon (10/15)            Temple (0/1) D:6         Ossuary (visited)
   Lair: D:8-11         Orc: D:9-12

Altars:
Ashenzari
Kikubaaqudgha
Sif Muna
Trog
Vehumet
Xom

Shops:
D:7

[ .▒
▒.▒............▒▒▒▒.......... .▒
▒▒.▒............▒▒...▒▒▒▒▒▒▒.▒ .▒
▒..................▒▒▒ ▒.▒ .▒
▒.▒▒▒▒..........▒▒▒▒ ▒.. .▒
▒..........>.....▒▒ ▒▒.
.▒▒▒.▒▒+▒▒...........▒ ▒..
.▒▒..▒...▒...........▒▒▒ ▒..
................o......▒▒ ▒▒▒▒.▒
..▒▒▒▒...▒▒▒....Q...▒▒..▒▒▒▒....▒
...⌠...+▒..⌠▒....{..▒▒▒..........
..▒.........▒.......▒▒▒▒.........
▒▒▒▒.......▒▒▒.▒.................
...▒.......▒.....................
...+..._...+...▒.......▒.........
...▒.......▒...▒..▒▒▒▒▒▒.........
▒▒▒▒........▒▒.▒..▒ ▒.........
.................▒▒ ▒▒▒▒▒▒▒▒▒▒


You could see an orc priest.


Message History

* * * LOW HITPOINT WARNING * * *
Something hits you but does no damage. Something hits you but does no damage.
Something hits you.
* * * LOW HITPOINT WARNING * * *
Something misses you. Something hits you.
* * * LOW HITPOINT WARNING * * *
Something closely misses you. Something completely misses you.
Something barely misses you. Something hits you but does no damage.
The orc shouts!
The orc priest shouts!
Something hits you.
* * * LOW HITPOINT WARNING * * *
Something misses you.
The orc wizard shouts!
There is a stone staircase leading up here.
Something hits you.
* * * LOW HITPOINT WARNING * * *
The orc priest completely misses you.
You fly upwards.
Reactivating autopickup.
There is a stone staircase leading down here.
Unknown command.
Unknown command.
Something is struck by an arc of lightning!
You are struck by an arc of lightning.
You die...

Action                   |  1- 3 |  4- 6 |  7- 9 | 10-12 || total
-------------------------+-------+-------+-------+-------++-------
Melee: Dagger            |    67 |   139 |   400 |    94 ||   700
       Kick              |    10 |    40 |   146 |    35 ||   231
       Peck              |     9 |    23 |    93 |    22 ||   147
       War axe           |       |       |    81 |    20 ||   101
 Cast: Shock             |       |       |     9 |    20 ||    29
       Static Discharge  |       |       |       |    12 ||    12
 Abil: Fly               |       |       |     1 |       ||     1
Evoke: Wand              |       |       |    13 |       ||    13
  Use: Potion            |       |     3 |     2 |       ||     5
       Scroll            |       |       |    13 |     2 ||    15
 Stab: Sleeping          |    10 |     7 |    13 |     4 ||    34
       Invisible         |       |     2 |       |       ||     2
       Distracted        |       |       |       |     1 ||     1
  Eat: Chunk             |       |     4 |    19 |     7 ||    30
Armor: Robe              |    10 |    18 |    47 |    33 ||   108
Dodge: Dodged            |    29 |   124 |   406 |   192 ||   751

Levels and vault maps discovered:
D:1:      heliophobic_arrival_battle_scene, layout_loops_ring
D:2:      layout_basic, kiku_gazebo_pond_becter, first_ration,
          lemuel_another_geyser
D:3:      minmay_goblin_kobold_castle, layout_basic,
          chequers_serial_rivers_micro_a, hangedman_decor_growths
D:4:      layout_basic, minmay_misc_feat_alley
D:5:      layout_loops_cross, amethyst_overflow_temple_binary
D:6:      layout_basic, minmay_temple_entry_large_hall,
          nicolae_ossuary_entry_giza, kennysheep_minor_cross
D:7:      layout_basic, serial_shops, shop, basic_altar, grunt_ogre_cave
D:8:      layout_basic
D:9:      layout_rooms, evilmike_ruin_ashenzari, statue_in_the_mist_lemuel
D:10:     layout_rooms, basic_altar, minmay_the_grid_2x2
          [minmay_the_grid_embedded, minmay_the_grid_odd_star,
          minmay_the_grid_empty, minmay_the_grid_prize_four_corners_diamond_a],
          uniq_maurice

Notes
Turn   | Place    | Note
-------+----------+-------------------------------------------
     0 | D:1      | sanka the Tengu Assassin began the quest for the Orb.
     0 | D:1      | Reached XP level 1. HP: 12/12 MP: 2/2
    87 | D:1      | Reached skill level 3 in Short Blades
    87 | D:1      | Reached XP level 2. HP: 14/17 MP: 3/3
   370 | D:1      | Reached skill level 2 in Dodging
   426 | D:1      | Reached XP level 3. HP: 21/21 MP: 4/4
   740 | D:2      | Found an ancient bone altar of Kikubaaqudgha.
   777 | D:2      | Reached skill level 3 in Dodging
   929 | D:2      | Reached XP level 4. HP: 26/26 MP: 5/5
  1087 | D:4      | Reached skill level 4 in Dodging
  1291 | D:4      | Reached skill level 5 in Dodging
  1291 | D:4      | Gained mutation: You can fly continuously. [Tengu growth]
  1291 | D:4      | Reached XP level 5. HP: 29/30 MP: 6/6
  1348 | D:4      | Noticed an ogre
  1352 | D:4      | Killed an ogre
  1352 | D:4      | Reached skill level 6 in Dodging
  1352 | D:4      | Reached XP level 6. HP: 35/35 MP: 7/7
  2192 | D:3      | Reached skill level 7 in Dodging
  2238 | D:3      | Reached XP level 7. HP: 35/40 MP: 8/8
  2370 | D:3      | Reached skill level 8 in Dodging
  2599 | D:3      | Reached skill level 3 in Fighting
  3377 | D:4      | Reached XP level 8. HP: 30/47 MP: 9/9
  3524 | D:5      | Entered Level 5 of the Dungeon
  3563 | D:5      | Reached skill level 4 in Fighting
  3661 | D:5      | Reached skill level 9 in Dodging
  3934 | D:5      | Found a radiant altar of Vehumet.
  3941 | D:5      | Found a shimmering blue altar of Sif Muna.
  3966 | D:5      | Became a worshipper of Vehumet
  5140 | D:6      | Reached skill level 5 in Fighting
  5148 | D:6      | Found a staircase to the Ecumenical Temple.
  5431 | D:6      | Found a sand-covered staircase.
  5437 | Ossuary  | Entered an ossuary
  5437 | Ossuary  | Noticed a wraith
  5437 | Ossuary  | Noticed a wraith
  5437 | Ossuary  | Noticed a wraith
  5467 | Ossuary  | Reached * piety under Vehumet
  5467 | Ossuary  | Offered knowledge of Shock by Vehumet.
  5485 | Ossuary  | Learned a level 1 spell: Shock
  5616 | Ossuary  | Offered knowledge of Sandblast by Vehumet.
  5627 | Ossuary  | Reached ** piety under Vehumet
  5641 | Ossuary  | Noticed a wraith
  5812 | Ossuary  | HP: 4/51 [wraith (9)]
  5815 | Ossuary  | Killed a wraith
  5815 | Ossuary  | Reached skill level 6 in Fighting
  5815 | Ossuary  | Reached skill level 10 in Dodging
  5815 | Ossuary  | Reached skill level 1 in Spellcasting
  5815 | Ossuary  | Reached skill level 1 in Conjurations
  5815 | Ossuary  | Reached skill level 1 in Air Magic
  5815 | Ossuary  | Reached XP level 9. HP: 34/55 MP: 9/11
  6145 | D:6      | Reached skill level 2 in Conjurations
  6145 | D:6      | Reached skill level 2 in Air Magic
  6264 | D:6      | Reached skill level 2 in Spellcasting
  6540 | D:7      | Reached skill level 3 in Conjurations
  6540 | D:7      | Reached skill level 3 in Air Magic
  6585 | D:7      | You are sucked into a shaft and drop 1 floor!
  6809 | D:8      | Reached skill level 4 in Conjurations
  6809 | D:8      | Reached skill level 4 in Air Magic
  7050 | D:8      | Reached skill level 5 in Conjurations
  7050 | D:8      | Reached skill level 5 in Air Magic
  7333 | D:8      | Reached skill level 3 in Spellcasting
  7473 | D:8      | Offered knowledge of Searing Ray by Vehumet.
  8047 | D:7      | Found Cyjuus's Antique Armour Boutique.
  8103 | D:7      | Reached skill level 6 in Conjurations
  8103 | D:7      | Reached skill level 6 in Air Magic
  8117 | D:7      | Found a bloodstained altar of Trog.
  8188 | D:7      | Reached *** piety under Vehumet
  8460 | D:7      | Reached XP level 10. HP: 48/61 MP: 15/15
  8660 | D:7      | Bought a glowing cloak for 202 gold pieces
  8741 | D:9      | Offered knowledge of Static Discharge by Vehumet.
  8746 | D:9      | Learned a level 3 spell: Static Discharge
  8894 | D:9      | Noticed a two-headed ogre
  8945 | D:9      | Killed a two-headed ogre
  8945 | D:9      | Reached skill level 7 in Fighting
  8945 | D:9      | Reached skill level 11 in Dodging
  9148 | D:9      | Found a shattered altar of Ashenzari.
  9491 | D:10     | Entered Level 10 of the Dungeon
  9491 | D:10     | Found a shimmering altar of Xom.
  9641 | D:10     | Reached skill level 8 in Fighting
  9679 | D:10     | Learned a level 3 spell: Mephitic Cloud
  9746 | D:10     | Reached **** piety under Vehumet
 10000 | D:10     | Offered knowledge of Iskenderun's Mystic Blast by Vehumet.
 10290 | D:10     | HP: 6/65 [something (1)]
 10294 | D:10     | HP: 1/65 [something (2)]
 10296 | D:9      | Killed from afar by themself

Vanquished Creatures
  A two-headed ogre (D:9)
  A troll (D:9)
  A hippogriff (D:8)
  A wraith (Ossuary)
  A steam dragon (D:9)
  A hornet zombie (D:7)
  5 orc warriors
  A black bear (D:8)
  An ice beast (D:7)
  A sky beast (D:10)
  A necrophage (D:6)
  5 ogres
  A centaur (D:6)
  A phantom (D:10)
  7 big kobolds
  3 bullfrogs
  2 scorpions
  6 killer bees (D:10)
  2 howler monkeys
  4 crimson imps
  A bullfrog zombie (D:4)
  A quasit (D:10)
  3 jellies
  6 orc priests
  5 hounds
  4 iguanas
  7 worker ants
  9 orc wizards
  2 mummies
  A hound skeleton (D:6)
  A worker ant zombie (D:9)
  4 gnolls (D:3)
  5 adders
  3 shadow imps
  3 oozes
  An adder skeleton (D:7)
  A worm (D:3)
  8 leopard geckos
  45 orcs
  4 bats
  4 giant cockroaches
  10 goblins
  8 hobgoblins
  7 jackals
  5 quokkas
  A ball python (D:3)
  7 frilled lizards
  8 gnoll skeletons (Ossuary)
  A goblin zombie (D:6)
  54 kobolds
  6 kobold skeletons (Ossuary)
  11 orc skeletons (Ossuary)
  An orc zombie (D:6)
  8 rats
291 creatures vanquished.
